Map: Backwater LE

Players

Infamous - Winner!

  • Race: Protoss Protoss
  • League: Silver
  • Spawn Location: 11:00

Trevo

  • Race: Terran Terran
  • Spawn Location: 5:00

VOD

Have the link to the VOD?

Description

Time

  • Played on: April 5, 2018, 4:48 p.m.
  • Length: 9:56
Show
View Real Time Build Order
Export as new Build Order

Infamous Protoss - Winner!

Build Orders:  

Get SALT Encoding   

  12  0:01  Probe  
  13  0:13  Probe  
  14  0:19  Pylon  
  14  0:25  Probe  
  15  0:38  Gateway  
  15  0:39  Probe (Chrono Boost)  
  16  0:51  Probe (Chrono Boost)  
  17  1:01  Probe (Chrono Boost), Assimilator  
  19  1:11  Probe  
  19  1:25  Cybernetics Core  
  19  1:26  Probe  
  20  1:42  Probe  
  20  1:46  Assimilator  
  21  1:48  Pylon  
  23  1:56  Probe  
  23  1:59  Warp Gate (Chrono Boost)  
  22  2:08  Probe  
  23  2:19  Pylon  
  23  2:20  Probe  
  24  2:24  Gateway  
  24  2:26  Gateway  
  24  2:32  Probe, Robotics Facility  
  25  2:41  Stalker (Chrono Boost)  
  27  2:44  Probe  
  28  2:56  Probe  
  29  2:58  Pylon  
  29  3:08  Probe  
  30  3:18  Twilight Council  
  30  3:22  Observer  
  30  3:25  Probe  
  32  3:38  Probe  
  32  3:40  Nexus  
  33  3:50  Probe  
  34  3:56  Pylon  
  34  4:00  Stalker  
  34  4:02  Zealot x2  
  40  4:06  Probe  
  41  4:18  Probe  
  41  4:20  Blink (Chrono Boost)  
  42  4:28  Templar Archives  
  42  4:35  Gateway  
  42  4:41  Probe  
  44  4:53  Probe (Chrono Boost)  
  44  4:54  Forge  
  44  4:58  Probe (Chrono Boost)  
  45  5:00  Gateway  
  45  5:10  Gateway  
  45  5:15  Shield Battery  
  45  5:16  Probe (Chrono Boost), Psionic Storm  
  47  5:22  Probe (Chrono Boost)  
  47  5:30  Probe (Chrono Boost)  
  47  5:31  Pylon  
  48  5:36  High Templar  
  50  5:47  Probe  
  50  5:51  Stalker, Sentry  
  54  5:57  Assimilator  
  54  5:59  Probe  
  54  6:00  Probe  
  54  6:01  Assimilator  
  56  6:05  Protoss Ground Weapons Level 1 (Chrono Boost)  
  56  6:11  Gateway x2  
  56  6:13  Gateway  
  56  6:16  Gateway  
  56  6:26  Probe x2  
  58  6:33  Stalker x2  
  58  6:34  Stalker x2  
  58  6:36  Zealot x2  
  70  6:50  Probe  
  71  6:55  Probe  
  72  7:03  Probe  
  73  7:27  Nexus  
  73  7:29  Pylon  
  71  7:31  Pylon  
  71  7:34  Pylon  
  71  7:36  Stalker x3  
  75  7:37  Zealot  
  77  7:56  High Templar x3  
  77  7:57  High Templar  
  83  8:14  Probe  
  83  8:15  Probe  
  85  8:21  Photon Cannon  
  85  8:23  Photon Cannon x2  
  85  8:26  Probe, Phoenix  
  85  8:27  Probe, Gateway  
  87  8:28  Photon Cannon  
  87  8:29  Gateway  
  87  8:39  High Templar x3  
  93  9:03  Archon x2  
  79  9:18  High Templar x3  
  85  9:38  Archon  
  81  9:51  High Templar x2  
Show
View Real Time Build Order
Export as new Build Order

Trevo Terran 

Build Orders:  

Get SALT Encoding   

  12  0:02  SCV  
  13  0:15  SCV  
  14  0:22  Refinery  
  14  0:36  SCV  
  15  0:56  Supply Depot  
  15  1:18  SCV  
  16  1:19  Supply Depot  
  16  1:30  SCV  
  17  1:36  Barracks  
  17  1:42  SCV  
  18  1:50  Refinery  
  18  1:54  SCV  
  18  1:56  Supply Depot  
  19  2:06  SCV  
  20  2:18  SCV  
  21  2:26  Marine  
  22  2:30  Bunker, SCV  
  22  2:33  Barracks  
  23  2:43  SCV  
  23  2:44  Marine  
  25  3:02  Marine  
  26  3:05  Supply Depot  
  26  3:10  Bunker  
  26  3:19  Marine  
  26  3:25  Barracks Reactor  
  27  3:37  Marine, SCV  
  29  3:54  Command Center  
  29  3:55  Reaper  
  30  4:03  Engineering Bay  
  30  4:04  Marine  
  30  4:05  Reaper  
  32  4:22  Reaper  
  33  4:29  Supply Depot  
  33  4:33  Barracks Tech Lab  
  33  4:37  Marine  
  34  4:45  Terran Infantry Weapons Level 1  
  34  4:51  Missile Turret  
  34  4:54  Reaper  
  34  4:58  Missile Turret  
  35  5:03  Marauder  
  37  5:10  SCV  
  38  5:19  Missile Turret  
  38  5:22  SCV  
  38  5:24  Marine, Marauder  
  38  5:26  Reaper  
  43  5:34  SCV  
  44  5:38  Supply Depot  
  44  5:42  Marine  
  44  5:46  SCV, Marauder  
  48  5:57  Ghost Academy  
  48  5:58  SCV  
  49  6:10  SCV  
  50  6:12  Marine  
  50  6:13  Marine  
  52  6:19  Factory  
  52  6:22  Supply Depot, SCV  
  53  6:29  Planetary Fortress  
  53  6:35  SCV  
  54  6:40  Terran Infantry Armor Level 1  
  55  6:47  SCV  
  55  6:57  Personal Cloaking, Factory  
  55  6:59  SCV  
  56  7:11  SCV  
  57  7:23  SCV  
  47  7:33  Marine, Reaper  
  47  7:35  SCV  
  47  7:51  Reaper  
  34  8:07  Widow Mine  
  35  8:18  Marine  
  34  8:34  Marine, Hi-Sec Auto Tracking  
  31  8:35  Reaper  
  31  8:36  Marine  
  33  8:54  Reaper  
  25  9:27  Marine  
  25  9:28  Marine  
Tags
 
League
Silver
Matchup
PvT
Replay Pack
Last Remnant (2)
Spawn Locations
Cross Positions
Add a new tag
Caveats
  • Supply blocks, unpowered buildings, or Contaminate may cause inaccurate times.
  • Supply counts are checked every 10 seconds.